Map: Triton LE

Players

Montskak

  • Race: Terran Terran
  • League: Silver
  • Spawn Location: 5:00

ViBE - Winner!

  • Race: Protoss Protoss
  • League: Bronze
  • Spawn Location: 11:00

VOD

https://www.youtube.com/watch?v=kuS_PgtyAP8&list=PLFeZeom2b4DmHduNHeFj-6PfoasuSQn3P&index=2

Description

Time

  • Played on: Dec. 4, 2019, 11 p.m.
  • Length: 10:19
Show
View Real Time Build Order
Export as new Build Order

Montskak Terran 

Build Orders:  

Get SALT Encoding   

  12  0:02  SCV  
  13  0:14  SCV  
  13  0:19  Supply Depot  
  14  0:26  Refinery  
  14  0:30  SCV  
  15  0:43  Barracks  
  15  0:55  Barracks  
  15  1:02  SCV  
  16  1:14  SCV  
  17  1:22  Refinery  
  17  1:30  Reaper  
  18  1:42  Reaper  
  19  1:47  Supply Depot  
  19  1:48  Orbital Command  
  19  2:03  Marine  
  20  2:15  Barracks Tech Lab  
  20  2:25  Barracks Tech Lab  
  20  2:27  Factory  
  20  2:32  SCV  
  21  2:44  SCV  
  22  2:56  SCV  
  22  3:08  SCV  
  22  3:15  Factory Tech Lab  
  22  3:18  Starport, Marine  
  24  3:21  Marauder  
  25  3:27  Stimpack  
  25  3:29  Concussive Shells  
  25  3:31  SCV  
  25  3:33  Siege Tank  
  30  3:43  SCV  
  30  3:54  Supply Depot  
  30  3:57  SCV  
  31  4:15  Medivac  
  31  4:16  SCV, Marauder x2  
  38  4:17  Supply Depot  
  38  4:35  SCV  
  39  4:39  Hellion  
  39  4:40  Supply Depot  
  39  4:44  Marine  
  39  4:45  Marine  
  43  4:48  Starport Tech Lab  
  43  5:04  Command Center  
  43  5:05  Widow Mine  
  45  5:21  Marauder x2  
  49  5:25  SCV  
  49  5:27  Widow Mine  
  52  5:29  Raven  
  52  5:35  Starport  
  54  5:37  SCV  
  55  5:56  Supply Depot  
  43  6:18  Marauder x2  
  43  6:19  Supply Depot  
  43  6:25  Starport Reactor  
  43  6:34  Command Center  
  47  6:40  Marauder x2  
  47  6:42  Supply Depot  
  47  6:55  Siege Tank  
  54  7:01  Marauder x2  
  54  7:02  Fusion Core  
  54  7:14  Supply Depot  
  54  7:17  SCV  
  56  7:22  SCV  
  56  7:29  SCV  
  57  7:33  Liberator  
  57  7:34  SCV, Medivac x2  
  62  7:37  Supply Depot  
  65  8:04  Bunker  
  65  8:09  Refinery  
  65  8:14  Cyclone  
  68  8:23  Marine x2  
  68  8:26  Orbital Command  
  70  8:29  SCV  
  70  8:32  SCV, Refinery  
  73  8:41  SCV, Marine x2  
  75  8:53  SCV  
  76  9:11  Marine x2  
  76  9:14  Cyclone  
  81  9:21  Armory  
  81  9:28  Marine  
  81  9:29  Marine  
  70  9:46  Cyclone  
Show
View Real Time Build Order
Export as new Build Order

ViBE Protoss - Winner!

Build Orders: 1 Gate Expand 

Get SALT Encoding   

  12  0:01  Probe  
  13  0:13  Probe  
  14  0:20  Pylon  
  14  0:25  Probe  
  15  0:38  Probe  
  15  0:40  Gateway  
  16  0:50  Probe (Chrono Boost)  
  16  0:52  Assimilator  
  17  1:00  Probe (Chrono Boost)  
  18  1:05  Probe (Chrono Boost)  
  19  1:18  Probe (Chrono Boost)  
  20  1:27  Cybernetics Core  
  20  1:28  Probe (Chrono Boost)  
  21  1:33  Probe (Chrono Boost)  
  22  1:40  Nexus  
  22  1:46  Pylon  
  22  1:49  Probe  
  22  1:53  Assimilator  
  23  2:04  Probe  
  23  2:07  Stalker  
  26  2:16  Probe  
  27  2:28  Probe  
  28  2:40  Stalker, Probe (Chrono Boost)  
  31  2:50  Pylon  
  31  2:54  Probe (Chrono Boost)  
  31  2:55  Probe (Chrono Boost)  
  32  3:03  Probe (Chrono Boost)  
  32  3:04  Probe (Chrono Boost)  
  34  3:08  Probe (Chrono Boost)  
  34  3:11  Probe  
  36  3:19  Probe  
  37  3:23  Nexus, Probe  
  37  3:26  Pylon  
  38  3:31  Probe  
  39  3:35  Probe  
  39  3:37  Stalker, Warp Gate  
  42  3:43  Probe  
  42  3:47  Probe  
  44  3:49  Robotics Facility  
  44  3:53  Gateway  
  44  3:56  Probe  
  44  3:57  Pylon  
  44  4:00  Pylon, Probe  
  46  4:07  Stalker  
  46  4:08  Probe  
  49  4:12  Probe  
  50  4:17  Assimilator  
  50  4:19  Assimilator  
  50  4:20  Probe (Chrono Boost)  
  52  4:24  Probe (Chrono Boost)  
  52  4:25  Pylon  
  53  4:32  Pylon, Probe (Chrono Boost)  
  53  4:33  Probe (Chrono Boost)  
  53  4:36  Probe (Chrono Boost)  
  53  4:37  Probe (Chrono Boost)  
  56  4:38  Probe (Chrono Boost)  
  57  4:46  Probe  
  57  4:47  Probe  
  59  4:53  Probe (Chrono Boost)  
  59  4:54  Immortal  
  59  4:55  Stalker  
  59  4:57  Stalker  
  59  4:59  Probe (Chrono Boost)  
  70  5:00  Probe (Chrono Boost)  
  70  5:05  Probe (Chrono Boost)  
  71  5:11  Probe (Chrono Boost)  
  71  5:12  Probe (Chrono Boost)  
  74  5:14  Probe (Chrono Boost)  
  74  5:16  Probe x2 (Chrono Boost)  
  74  5:19  Probe  
  76  5:25  Probe  
  76  5:26  Probe  
  76  5:27  Nexus  
  79  5:30  Pylon  
  79  5:31  Probe  
  80  5:36  Immortal  
  80  5:37  Probe  
  80  5:38  Probe  
  80  5:39  Stalker  
  80  5:40  Stalker  
  90  5:44  Probe  
  90  5:48  Assimilator  
  90  5:49  Probe, Assimilator  
  92  5:50  Probe  
  92  5:51  Pylon  
  92  5:53  Pylon  
  92  5:56  Probe  
  94  6:01  Probe (Chrono Boost)  
  94  6:03  Probe (Chrono Boost)  
  91  6:06  Stalker x2  
  91  6:08  Probe (Chrono Boost)  
  90  6:13  Probe (Chrono Boost)  
  90  6:15  Probe (Chrono Boost)  
  91  6:19  Probe (Chrono Boost)  
  91  6:23  Pylon  
  91  6:29  Immortal  
  91  6:30  Stalker x2  
  99  6:35  Gateway  
  99  6:36  Gateway  
  99  6:38  Gateway  
  99  6:39  Gateway  
  99  6:41  Gateway  
  99  6:43  Probe x4  
  99  6:44  Gateway  
  103  6:47  Pylon  
  103  6:55  Stalker, Probe x4  
  103  6:56  Stalker  
  111  7:07  Probe x4  
  111  7:08  Immortal  
  119  7:09  Assimilator  
  119  7:11  Assimilator  
  119  7:19  Nexus  
  119  7:20  Pylon  
  119  7:24  Probe  
  120  7:30  Stalker x3  
  120  7:31  Stalker  
  120  7:33  Stalker  
  130  7:46  Stalker  
  130  7:47  Stalker x2, Immortal  
  140  7:55  Stalker x3  
  140  7:56  Stalker x2  
  150  8:01  Forge  
  150  8:02  Gateway  
  150  8:04  Gateway  
  150  8:06  Pylon  
  150  8:11  Gateway  
  150  8:13  Gateway  
  150  8:24  Pylon  
  150  8:28  Stalker  
  150  8:29  Stalker x4  
  150  8:30  Stalker  
  150  8:31  Stalker  
  164  8:38  Pylon  
  164  8:41  Photon Cannon  
  164  8:44  Photon Cannon  
  164  8:46  Photon Cannon  
  164  8:49  Photon Cannon  
  164  8:55  Photon Cannon  
  164  8:58  Photon Cannon  
  164  9:02  Photon Cannon  
  164  9:03  Photon Cannon  
  164  9:10  Photon Cannon  
  164  9:12  Photon Cannon  
  164  9:17  Immortal  
  168  9:21  Stalker x4  
  168  9:22  Stalker x2  
  168  9:23  Stalker  
  182  9:25  Stalker  
  182  9:26  Stalker  
  182  9:27  Stalker  
  182  9:28  Stalker  
  190  9:44  Forge  
  183  9:46  Forge  
  183  9:48  Twilight Council  
  183  9:52  Probe  
  180  10:00  Stalker x2  
  180  10:01  Stalker x3  
  180  10:02  Stalker x2  
  180  10:04  Stalker  
  180  10:05  Stalker  
  198  10:07  Stalker  
Tags
 
Add a new tag
Caveats
  • Supply blocks, unpowered buildings, or Contaminate may cause inaccurate times.
  • Supply counts are checked every 10 seconds.